 Dungeon Crawl Stone Soup version 0.29-a0-577-gafbf2c5d25 (webtiles) character file.

Game seed: 10360024002352523885

28 croobank the Covert (level 3, -3/35 HPs)
             Began as a Gnoll Delver on June 13, 2022.
             Slain by an ufetubus (4 damage)
             ... on level 4 of the Dungeon.
             The game lasted 00:02:47 (302 turns).

croobank the Covert (Gnoll Delver)                   Turns: 302, Time: 00:02:48

Health: -3/35      AC:  3    Str: 11    XL:     3   Next: 14%
Magic:  3/3        EV: 13    Int: 11    God:
Gold:   25         SH:  0    Dex: 13    Spells: 3/3 levels left

rFire   . . .      SeeInvis .   j - +0 dagger
rCold   . . .      Faith    .   (no shield)
rNeg    . . .      Spirit   .   b - +0 leather armour
rPois   .          Reflect  .   (no helmet)
rElec   .          Harm     .   (no cloak)
rCorr   .          Rampage  .   (no gloves)
Will    .....                   (no boots)
Stlth   ++++......              (no amulet)
HPRegen 0.11/turn               (no ring)
MPRegen 0.08/turn               (no ring)

@: brilliant
A: fangs 1, strong nose, distributed training
a: no special abilities


You were on level 4 of the Dungeon.
You visited 1 branch of the dungeon, and saw 2 of its levels.

You collected 25 gold pieces.

Inventory:

Hand Weapons
 a - a +0 hand axe
 j - a +0 dagger (weapon)
Armour
 b - a +0 leather armour (worn)
Wands
 g - a wand of digging (3)
Scrolls
 c - a scroll of fog


   Skills:
 + Level 6.5 Fighting
 + Level 0.6 Short Blades
 + Level 0.6 Long Blades
 + Level 4.5 Axes
 + Level 0.6 Maces & Flails
 + Level 0.6 Polearms
 + Level 0.6 Staves
 + Level 0.6 Slings
 + Level 0.6 Bows
 + Level 0.6 Crossbows
 + Level 0.6 Throwing
 + Level 0.6 Armour
 + Level 4.5 Dodging
 + Level 9.5 Stealth
 + Level 0.6 Shields
 + Level 0.6 Unarmed Combat
 + Level 0.6 Spellcasting
 + Level 0.4 Conjurations
 + Level 0.4 Hexes
 + Level 0.4 Summonings
 + Level 0.4 Necromancy
 + Level 0.4 Translocations
 + Level 0.4 Transmutations
 + Level 0.4 Fire Magic
 + Level 0.4 Ice Magic
 + Level 0.4 Air Magic
 + Level 0.4 Earth Magic
 + Level 0.4 Poison Magic
 + Level 0.8 Invocations
 + Level 0.6 Evocations


You had 3 spell levels left.
You didn't know any spells.
Your spell library was empty.

Dungeon Overview and Level Annotations

Branches:
Dungeon (5/15)
 Temple: D:4-7

Altars:

Annotations:
D:5 1 transporter, gebbletook2's ghost, novice VSFi


Innate Abilities, Weirdness & Mutations

You have very sharp teeth.
Your uncanny sense of smell can sniff out nearby items.
Your experience applies equally to all skills.


Message History

The adder is attracted toward you. The endoplasm is attracted toward you.
The endoplasm is attracted toward you.
There is a stone staircase leading up here.
The ufetubus attacks as you move away! The ufetubus closely misses you. x2
The endoplasm is attracted toward you. The endoplasm is attracted toward you.
The orc is attracted toward you.
You feel less attractive to monsters. The ufetubus attacks as you move away!
The ufetubus hits you.
* * * LOW HITPOINT WARNING * * *
The ufetubus hits you.
* * * LOW HITPOINT WARNING * * *
You closely miss the ufetubus.
You bite the ufetubus, but do no damage.
The ufetubus closely misses you. The ufetubus hits you.
* * * LOW HITPOINT WARNING * * *
You hit the ufetubus but do no damage. Your bite misses the ufetubus.
Your extra speed is starting to run out.
The ufetubus misses you. The ufetubus barely misses you.
You barely miss the ufetubus. The ufetubus misses you.
The ufetubus barely misses you.
You barely miss the ufetubus. The ufetubus misses you. The ufetubus hits you.
* * * LOW HITPOINT WARNING * * *
You closely miss the ufetubus. Your bite misses the ufetubus.
The ufetubus hits you but does no damage. x2
You barely miss the ufetubus. Your punch misses the ufetubus.
The ufetubus hits you.
* * * LOW HITPOINT WARNING * * *
The ufetubus hits you but does no damage.
You closely miss the ufetubus.
The ufetubus hits you but does no damage. x2
You hit the ufetubus but do no damage. Your punch misses the ufetubus.
The ufetubus hits you but does no damage.
The ufetubus closely misses you.
You feel yourself slow down. The ufetubus hits you.
* * * LOW HITPOINT WARNING * * *
The ufetubus barely misses you. The ufetubus attacks as you move away!
The ufetubus barely misses you. x2
The ufetubus closely misses you. The ufetubus hits you.
You die...

ยง..#........
##............ #.# ##.
#.#..........##.##...
#....!........#.#..#
#.......... ....#.#
##.###.###.###.....###
.....#.# #...........# #
.....#.######......#...#
.........J.o...5@.......
...<...######.S.....####
.....### #........#
.....# ########## .....#
######


You could see an adder, an orc, an ufetubus and an endoplasm.

Vanquished Creatures
  An iguana (D:4)
  A quokka (D:4)
2 creatures vanquished.

Notes
Turn   | Place    | Note
-------+----------+-------------------------------------------
     0 | D:5      | Reached skill level 9 in Stealth
     0 | D:5      | croobank the Gnoll Delver began the quest for the Orb.
     0 | D:5      | Reached XP level 1. HP: 23/23 MP: 1/1
     3 | D:5      | Noticed a scorpion
    44 | D:5      | Noticed a hound
    46 | D:5      | Found a transporter.
    46 | D:5      | Noticed gebbletook2's ghost (novice VSFi)
    49 | D:5      | Noticed a scorpion
   243 | D:4      | Noticed an iguana
   244 | D:4      | Killed an iguana
   245 | D:4      | Reached XP level 2. HP: 10/29 MP: 2/2
   245 | D:4      | Reached XP level 3. HP: 12/35 MP: 3/3
   295 | D:4      | HP: 1/35 [ufetubus (1)]
   300 | D:4      | HP: 1/35 [ufetubus (1)]
   302 | D:4      | Slain by an ufetubus

Illustrated notes

Levels and vault maps discovered:
D:4:      layout_rooms, vehumet_crystals, uniq_grinder
D:5:      layout_cave_pools, old_standard_altar, gammafunk_ghost_mausoleum

Skill      XL: | |
---------------+-+-----
Stealth        | |  9.5
Fighting       | |  6.5
Short Blades   | |  0.6
Long Blades    | |  0.6
Axes           | |  4.5
Maces & Flails | |  0.6
Polearms       | |  0.6
Staves         | |  0.6
Slings         | |  0.6
Bows           | |  0.6
Crossbows      | |  0.6
Throwing       | |  0.6
Armour         | |  0.6
Dodging        | |  4.5
Shields        | |  0.6
Unarmed Combat | |  0.6
Spellcasting   | |  0.6
Conjurations   | |  0.4
Hexes          | |  0.4
Summonings     | |  0.4
Necromancy     | |  0.4
Translocations | |  0.4
Transmutations | |  0.4
Fire Magic     | |  0.4
Ice Magic      | |  0.4
Air Magic      | |  0.4
Earth Magic    | |  0.4
Poison Magic   | |  0.4
Invocations    | |  0.8
Evocations     | |  0.6

Action                   || total
-------------------------++-------
Melee: Dagger            ||    24
       Bite              ||     3
       Hand axe          ||     1
  Use: Potion            ||     3
       Scroll            ||     2
 Stab: Sleeping          ||     1
Armor: Leather armour    ||    12
Dodge: Dodged            ||    30

Table legend: (Time is in decaauts)
 A = Elapsed time spent in this place.
 B = Non-inter-level travel time spent in this place.
 C = Inter-level travel time spent in this place.
 D = Time resting spent in this place.
 E = Time spent auto-exploring this place.
 F = Levels seen in this place.
 G = Mean time per level.
                   A        B        C        D        E       F      G
               +--------+--------+--------+--------+--------+-----+--------+
         Total |    282 |    282 |      0 |    152 |      2 |   2 |  141.0 |
       Dungeon |    282 |    282 |      0 |    152 |      2 |   2 |  141.0 |
               +--------+--------+--------+--------+--------+-----+--------+

Top non-repeatable levels by time:
     D:4: 217 daAuts
     D:5: 64 daAuts
